 Dungeon Crawl Stone Soup version 0.29.0-13-gc9e81de378 (webtiles) character file.

Game seed: 14344868349224267932

444 sentinel the Digger (level 7, 50/50 HPs)
             Began as a Meteoran Earth Elementalist on Sept 9, 2022.
             Quit the game on level 4 of the Dungeon.
             The game lasted 00:04:52 (677 turns).

sentinel the Digger (Meteoran Earth Elementalist)    Turns: 677, Time: 00:04:52

Health: 50/50      AC:  2    Str:  9    XL:     7   Next: 48%
Magic:  24/24      EV: 16    Int: 20    God:
Gold:   0          SH:  0    Dex: 14    Spells: 5/15 levels left

rFire   . . .      SeeInvis .   k - staff of earth {!a}
rCold   . . .      Faith    .   (no shield)
rNeg    . . .      Spirit   .   a - +0 robe
rPois   .          Reflect  .   (no helmet)
rElec   .          Harm     .   (no cloak)
rCorr   .          Rampage  .   (no gloves)
Will    .....                   (no boots)
Stlth   +.........              (no amulet)
HPRegen 0.16/turn               v - +4 ring of evasion
MPRegen 0.19/turn               i - ring of magical power

@: glowing
A: sense surroundings 1, otherworldly, glowing, explore regen
a: no special abilities


You were on level 4 of the Dungeon.
You visited 1 branch of the dungeon, and saw 6 of its levels.

Inventory:

Hand Weapons
 c - a +2 hand axe of electrocution
Armour
 a - a +0 robe (worn)
Magical Staves
 k - a staff of earth (weapon) {!a}
Jewellery
 i - a ring of magical power (right hand)
 v - a +4 ring of evasion (left hand)
Wands
 V - a wand of flame (17)
Scrolls
 d - a scroll of amnesia
Potions
 b - a potion of magic
 e - a potion of berserk rage {unknown}
 g - a potion of degeneration {unknown}


   Skills:
 - Level 2.4 Dodging
 - Level 1.4 Stealth
 + Level 4.7 Spellcasting
 - Level 4.0 Conjurations
 - Level 1.2 Transmutations
 + Level 3.1 Ice Magic
 - Level 6.0 Earth Magic


You had 5 spell levels left.
You knew the following spells:

 Your Spells              Type           Power      Damage    Failure   Level
a - Sandblast             Erth           86%        2d18      1%          1
b - Stone Arrow           Conj/Erth      74%        3d11      4%          3
c - Passwall              Tmut/Erth      23%        N/A       4%          2
d - Beastly Appendage     Tmut           18%        N/A       8%          1
e - Frozen Ramparts       Ice            34%        1d6       10%         3

Your spell library contained the following spells:

 Spells                   Type           Power      Damage    Failure   Level
 Freeze                   Ice            68%        1d8       3%          1
 Foxfire                  Conj/Fire      48%        2x1d6     5%          1
 Wereblood                Tmut           9%         N/A       11%         2
 Conjure Flame            Conj/Fire      12%        6-21      16%         3
 Hailstorm                Conj/Ice       19%        3d6       26%         4
 Petrify                  Tmut/Erth      28%        N/A       26%         4
 Spider Form              Tmut/Pois      7%         N/A       28%         3
 Inner Flame              Hex/Fire       4%         N/A       34%         3
 Flame Wave               Conj/Fire      12%        2d6       45%         4


Dungeon Overview and Level Annotations

Branches:
Dungeon (6/15) Zot: 2901
 Temple: D:4-7

Altars:
Gozag
Ru
The Shining One

Shops:
D:1 [

Annotations:
D:4 Menkaure
D:5 Grinder


Innate Abilities, Weirdness & Mutations

You passively map a small area around you.
You are easily found by Zot.
You glow in the dark.
You regain HP and MP as you explore.


Message History

Training target 4.0 for Conjurations reached!
Your Spellcasting skill increases to level 4!
Your Conjurations skill increases to level 4!
You have reached level 7!
The frozen ramparts melt away as you move.
Magic restored.
HP restored.
Found a stone staircase leading down.
A scorpion comes into view.
An iguana comes into view.
Casting: Sandblast (safe; 1% risk of failure)
Confirm with . or Enter, or press ? or * to list all spells.
Casting: Frozen Ramparts (dangerous; 14% risk of failure)
Press: ? - help, Dir - look around, f - activate The walls around you are covered in ice.
You feel a surge of power!
The blast of sand hits the scorpion.
The scorpion is lightly wounded.
The wall freezes the scorpion but does no damage.
You feel a surge of power!
The blast of sand hits the scorpion!
The scorpion is severely wounded.
The wall freezes the scorpion but does no damage.
The scorpion stings you but does no damage.
The wall freezes the scorpion.
The scorpion stings you.
You are poisoned.
The scorpion poisons you!
You feel a surge of power!
The blast of sand hits the scorpion!!
You kill the scorpion!
You feel very sick.
You feel a surge of power!
The blast of sand hits the iguana!
The iguana is severely wounded.
You feel sick.
The wall freezes the iguana.
The iguana seems to slow down.
The wall freezes the iguana but does no damage.
The iguana bites you!
You feel a surge of power!
The blast of sand hits the iguana.
The iguana is almost dead.
You feel sick.
The wall freezes the iguana!
You kill the iguana!
Your Ice Magic skill increases to level 3!
The frozen ramparts melt away as you move.
You feel sick.
You see here an iguana corpse.
You feel sick.
Grinder comes into view.
You feel sick.
You are no longer poisoned.
Grinder shouts!
An adder comes into view.
There is a stone staircase leading down here.
You climb downwards.
Magic restored.
There is a stone staircase leading up here.
As you read the scroll labelled VIATROTWE GIUPT, it crumbles to dust.
It is a scroll of identify.
d - a scroll of amnesia
As you read the scroll labelled AHU CARHUSISK, it crumbles to dust.
The air around you briefly surges with heat, but it dissipates.
It was a scroll of immolation.
As you read the scroll labelled AHOISS XA KINK, it crumbles to dust.
You feel strangely unstable.
It was a scroll of teleportation.
As you read the scroll labelled BAEVEF WUXO, it crumbles to dust.
You assume a fearsome visage.
Nothing appears to happen.
It was a scroll of fear.
Your surroundings suddenly seem different.
Found 13 gold pieces.
You see here 9 gold pieces.
Found a leather armour.
Found a chain mail.
As you open the door, it creaks loudly!
Something shouts, "Take thy face hence, thou baffled tip-merry haggard!"
There is an open door here.
A white imp comes into view.
The white imp shouts, "Disclaim thyself, thou bawdy crook-pated coxcomb!"
The white imp gestures at you. The puff of frost hits you.
You feel a surge of power!
The blast of sand hits the white imp!
You kill the white imp!
You open the door.
There is an open door here.
Found a stone staircase leading up.
An ufetubus comes into view.
You feel a surge of power!
The blast of sand hits the ufetubus!!
You kill the ufetubus!
You can't see any susceptible monsters within range! (Use Z to cast anyway.)
There is a stone staircase leading up here.
You climb upwards.
Level annotation: Grinder
There is a stone staircase leading down here.
Found a glowing hand axe.
Found an escape hatch in the ceiling.
Found 4 stones.
You see here a +2 hand axe of electrocution.
c - a +2 hand axe of electrocution
There is an escape hatch in the ceiling here.
A mysterious force pulls you upwards. The hatch slams shut behind you.
Level annotation: Menkaure
Found a club.
Found a stone staircase leading down.
There is a stone staircase leading down here.
There is a stone staircase leading down here.
Casting: Sandblast (safe; 1% risk of failure)
Confirm with . or Enter, or press ? or * to list all spells.
Aiming: Passwall (safe; 4% risk of failure)
Press: ? - help, Dir - move target A rock wall.
You feel a surge of power!
Something is blocking your path through the rock.
Casting: Passwall (safe; 4% risk of failure)
Confirm with . or Enter, or press ? or * to list all spells.
Aiming: Passwall (safe; 4% risk of failure)
Press: ? - help, Dir - move target A rock wall.
You feel a surge of power!
This rock feels extremely deep.
Casting: Passwall (safe; 4% risk of failure)
Confirm with . or Enter, or press ? or * to list all spells.
Aiming: Passwall (safe; 4% risk of failure)
Press: ? - help, Dir - move target A rock wall.
You feel a surge of power!
This rock feels extremely deep.
Casting: Passwall (safe; 4% risk of failure)
Confirm with . or Enter, or press ? or * to list all spells.
Aiming: Passwall (safe; 4% risk of failure)
Press: ? - help, Dir - move target A rock wall.
You feel a surge of power!
You begin to meditate on the wall.
You continue meditating on the rock. x3
You finish merging with the rock.
Casting: Passwall (safe; 4% risk of failure)
Confirm with . or Enter, or press ? or * to list all spells.
Aiming: Passwall (safe; 4% risk of failure)
Press: ? - help, Dir - move target, f - you Please select a wall.
Okay, then.
Found a sling.
Casting: Passwall (safe; 4% risk of failure)
Confirm with . or Enter, or press ? or * to list all spells.
Aiming: Passwall (safe; 4% risk of failure)
Press: ? - help, Dir - move target A rock wall.
You feel a surge of power!
You begin to meditate on the wall.
You continue meditating on the rock. x3
You finish merging with the rock.
Casting: Passwall (safe; 4% risk of failure)
Confirm with . or Enter, or press ? or * to list all spells.
Aiming: Passwall (safe; 4% risk of failure)
Press: ? - help, Dir - move target A rock wall.
You feel a surge of power!
Something is blocking your path through the rock.
Magic restored.
Assign waypoint to what number? (0-9)
Okay, then.
Unknown command.
Are you sure you want to abandon this character and quit the game? (Confirm with "yes".)

*
#########
........#
* * * *
#@# , ,
#.# ,
#.#* , ,
, , #.# *
,,,* #.#
* ####
#.# ...#
#.# **
#### #.#
* * ,
#.#*


There were no monsters in sight!

Vanquished Creatures
  Duvessa (D:4)
  3 scorpions (D:5)
  Dowan (D:4)
  2 iguanas
  3 adders
  2 white imps
  An ufetubus (D:6)
  A dart slug (D:1)
  3 ball pythons
  An endoplasm (D:2)
  A giant cockroach (D:2)
  5 goblins
  A hobgoblin (D:3)
  5 jackals (D:4)
  A frilled lizard (D:2)
  A hobgoblin zombie (D:3)
  2 kobold skeletons (D:3)
  A kobold zombie (D:3)
  3 orc skeletons (D:3)
  An orc zombie (D:3)
  A rat (D:2)
40 creatures vanquished.

Notes
Turn   | Place    | Note
-------+----------+-------------------------------------------
     0 | D:1      | sentinel the Meteoran Earth Elementalist began the quest
                  | for the Orb.
     0 | D:1      | Reached XP level 1. HP: 14/14 MP: 5/5
    74 | D:1      | Reached skill level 4 in Earth Magic
   115 | D:1      | Found Veabyr's Antique Armour Emporium.
   127 | D:2      | Reached XP level 2. HP: 20/20 MP: 4/6
   137 | D:2      | Learned a level 2 spell: Passwall
   222 | D:3      | Found a sacrificial altar of Ru.
   223 | D:3      | Reached XP level 3. HP: 26/26 MP: 4/8
   226 | D:3      | Learned a level 1 spell: Beastly Appendage
   241 | D:2      | Reached skill level 5 in Earth Magic
   267 | D:4      | Reached XP level 4. HP: 30/33 MP: 4/9
   267 | D:4      | Noticed Menkaure
   286 | D:4      | Learned a level 3 spell: Stone Arrow
   314 | D:3      | Found a glowing golden altar of the Shining One.
   318 | D:3      | Reached skill level 6 in Earth Magic
   320 | D:3      | Found an opulent altar of Gozag.
   362 | D:4      | Noticed Duvessa
   362 | D:4      | Noticed Dowan
   387 | D:4      | Killed Duvessa
   388 | D:4      | Reached skill level 1 in Ice Magic
   388 | D:4      | Reached XP level 5. HP: 30/38 MP: 0/11
   388 | D:4      | Reached XP level 6. HP: 36/45 MP: 0/12
   423 | D:4      | Killed Dowan
   437 | D:4      | Learned a level 3 spell: Frozen Ramparts
   471 | D:5      | Entered Level 5 of the Dungeon
   490 | D:5      | Reached XP level 7. HP: 33/50 MP: 14/14
   525 | D:5      | Noticed Grinder
   677 | D:4      | Quit the game

Illustrated notes

Levels and vault maps discovered:
D:1:      nicolae_arrival_somewhat_less_tricky_arrival, layout_loops_corners,
          serial_shops, shop, hangedman_decor_lopped, st_stairs_14,
          chequers_jeans
D:2:      layout_loops_ring, minivault_27
D:3:      layout_basic, grunt_gozag_statues, gammafunk_temple_overflow_claw,
          nicolae_tso_besieged_by_evil, mainiacjoe_overflow_24_doors, uniq_robin
D:4:      layout_basic, uniq_duvessa, uniq_menkaure, uniq_crazy_yiuf_cottage
D:5:      layout_basic, mainiacjoe_overflow_catwalk,
          nicolae_overflow_crystal_walls, uniq_grinder
D:6:      layout_loops_corners, lemuel_crystal_altar,
          minmay_temple_entry_junction_2, gammafunk_ghost_arena

Skill      XL: |  1  2  3  4  5  6  7 |
---------------+----------------------+-----
Earth Magic    | 4 5 6 |  6.0
Spellcasting   | 3 4 |  4.7
Conjurations   | 2 4 |  4.0
Ice Magic      | 1 2 3 |  3.1
Dodging        | |  2.4
Stealth        | |  1.4
Transmutations | |  1.2

Action                   |  1- 3 |  4- 6 |  7- 9 || total
-------------------------+-------+-------+-------++-------
 Cast: Sandblast         |    17 |    25 |     7 ||    49
       Passwall          |     5 |     2 |     6 ||    13
       Stone Arrow       |       |     7 |       ||     7
       Beastly Appendage |       |     3 |       ||     3
       Frozen Ramparts   |       |     3 |     1 ||     4
  Use: Scroll            |       |       |     4 ||     4
Armor: Robe              |       |     4 |     1 ||     5
Dodge: Dodged            |     3 |    12 |       ||    15
